General information
- name: 2on2 skilled #4
- type: unknown
- host: XOD.
- saver: omgwtfdude
map: TwistedMeadows
- players: 9
- length: 14:38
- speed: Fast
- version: 1.26 W3XP
- replay type: Public
» download(165 KB)
Players
team 1 (loser)
EldaR.Creep (
yellow | 125 APM | 1835 actions | 14:37)
3 Archmage
2 Summon Water Elemental
1 Brilliance Aura
3 Mountain King
2 Storm Bolt
1 Bash
» actions
| Assign group hotkey | 26 | |
| Build / train | 61 | |
| Enter build submenu | 14 | |
| Enter hero's abilities submenu | 7 | |
| Remove unit from queue | 1 | |
| Right click | 1112 | |
| Select / deselect | 404 | |
| Select group hotkey | 138 | |
| Use ability | 72 | |
1835 total
» units
| Peasant | 16 | |
| Footman | 9 | |
| Spell Breaker | 10 | |
| Priest | 1 | |
| Sorceress | 2 | |
38 total
» upgrades
» buildings
| Altar of Kings | 1 | |
| Farm | 7 | |
| Barracks | 1 | |
| Scout Tower | 1 | |
| Arcane Vault | 1 | |
| Lumber Mill | 1 | |
| Arcane Tower | 2 | |
| Keep | 1 | |
| Arcane Sanctum | 2 | |
17 total
» build order
00:04 Altar of Kings
00:08 Farm
00:14 Barracks
00:50 Farm
01:42 Farm
02:58 Scout Tower
03:12 Arcane Vault
03:18 Lumber Mill
03:30 Arcane Tower
03:30 Arcane Tower
04:12 Keep
04:42 Farm
07:03 Arcane Sanctum
07:12 Arcane Sanctum
08:41 Farm
08:51 Farm
11:06 Farm
» items
| Scroll of Regeneration | 3 | |
| Potion of Healing | 3 | |
| Circlet of Nobility | 1 | |
| Potion of Lesser Invulnerability | 1 | |
| Lesser Clarity Potion | 1 | |
9 total

»
NOOBATNOSKILL (
orange | 224 APM | 3272 actions | 14:38)
4 Dreadlord
2 Sleep
2 Vampiric Aura
2 Lich
1 Frost Nova
1 Frost Armor
» actions
| Assign group hotkey | 39 | |
| Basic commands | 33 | |
| Build / train | 51 | |
| Enter build submenu | 14 | |
| Enter hero's abilities submenu | 7 | |
| Give item / drop item | 7 | |
| Right click | 972 | |
| Select / deselect | 662 | |
| Select group hotkey | 1404 | |
| Use ability | 83 | |
3272 total
» units
| Acolyte | 3 | |
| Ghoul | 18 | |
| Obsidian Statue | 4 | |
| Frost Wyrm | 1 | |
26 total
» upgrades
| Ghoul Frenzy | 1 | |
| Destroyer Form | 1 | |
| Unholy Strength | 1 | |
3 total
» buildings
| Crypt | 1 | |
| Ziggurat | 5 | |
| Altar of Darkness | 1 | |
| Tomb of Relics | 1 | |
| Halls of the Dead | 1 | |
| Graveyard | 1 | |
| Nerubian Tower | 1 | |
| Black Citadel | 1 | |
| Slaughterhouse | 1 | |
| Sacrificial Pit | 1 | |
| Boneyard | 1 | |
15 total
» build order
00:08 Crypt
00:12 Ziggurat
00:24 Altar of Darkness
01:09 Tomb of Relics
01:32 Ziggurat
03:21 Halls of the Dead
03:34 Ziggurat
04:10 Graveyard
05:02 Nerubian Tower
06:07 Black Citadel
06:42 Slaughterhouse
07:56 Ziggurat
09:08 Sacrificial Pit
10:04 Boneyard
10:12 Ziggurat
» items
| Rod of Necromancy | 4 | |
| Dust of Appearance | 1 | |
| Orb of Corruption | 1 | |
| Scroll of Town Portal | 2 | |
| Scroll of Healing | 1 | |
| Scroll of Protection | 1 | |
| Potion of Healing | 1 | |
11 total
team 2 (winner)

»
omgwtfdude (
blue | 126 APM | 1849 actions | 14:38)
4 Demon Hunter
2 Mana Burn
2 Evasion
4 Naga Sea Witch
1 Frost Arrows
2 Forked Lightning
1 Mana Shield
» actions
| Assign group hotkey | 40 | |
| Basic commands | 7 | |
| Build / train | 46 | |
| ESC pressed | 1 | |
| Enter build submenu | 18 | |
| Enter hero's abilities submenu | 8 | |
| Give item / drop item | 1 | |
| Right click | 773 | |
| Select / deselect | 557 | |
| Select group hotkey | 314 | |
| Use ability | 84 | |
1849 total
» units
| Wisp | 15 | |
| Huntress | 4 | |
| Dryad | 2 | |
| Druid of the Claw | 3 | |
24 total
» upgrades
| Abolish Magic | 1 | |
| Druid of the Claw Training | 2 | |
| Ultravision | 1 | |
| Mark of the Claw | 1 | |
| Strength of the Wild | 1 | |
6 total
» buildings
| Altar of Elders | 1 | |
| Moon Well | 7 | |
| Hunter's Hall | 1 | |
| Ancient of War | 1 | |
| Tree of Ages | 1 | |
| Ancient of Lore | 4 | |
| Ancient of Wonders | 2 | |
| Tree of Eternity | 1 | |
| Tree of Life | 1 | |
19 total
» build order
00:04 Altar of Elders
00:17 Moon Well
01:52 Hunter's Hall
01:55 Ancient of War
02:11 Moon Well
03:26 Tree of Ages
04:26 Moon Well
06:20 Ancient of Lore
06:20 Ancient of Lore
06:23 Ancient of Wonders
06:24 Moon Well
06:34 Ancient of Wonders
07:18 Tree of Eternity
07:19 Moon Well
10:57 Moon Well
10:57 Moon Well
12:44 Ancient of Lore
12:46 Ancient of Lore
12:48 Tree of Life
» items
| Boots of Speed | 1 | |
| Scroll of Town Portal | 2 | |
| Scroll of Healing | 1 | |
4 total
dennisshen1 (
red | 115 APM | 1678 actions | 14:38)
4 Death Knight
2 Death Coil
1 Unholy Aura
1 Death Pact
4 Lich
2 Frost Nova
2 Frost Armor
» actions
| Assign group hotkey | 33 | |
| Basic commands | 36 | |
| Build / train | 48 | |
| Enter build submenu | 10 | |
| Enter hero's abilities submenu | 9 | |
| Give item / drop item | 3 | |
| Right click | 608 | |
| Select / deselect | 340 | |
| Select group hotkey | 517 | |
| Use ability | 74 | |
1678 total
» units
| Acolyte | 2 | |
| Ghoul | 2 | |
| Crypt Fiend | 12 | |
| Obsidian Statue | 6 | |
22 total
» upgrades
| Burrow | 1 | |
| Destroyer Form | 1 | |
| Web | 1 | |
| Creature Attack | 1 | |
4 total
» buildings
| Crypt | 1 | |
| Graveyard | 1 | |
| Altar of Darkness | 1 | |
| Ziggurat | 5 | |
| Tomb of Relics | 1 | |
| Nerubian Tower | 1 | |
| Halls of the Dead | 1 | |
| Black Citadel | 1 | |
| Slaughterhouse | 1 | |
13 total
» build order
00:06 Crypt
00:08 Graveyard
00:40 Altar of Darkness
00:56 Ziggurat
01:25 Ziggurat
01:40 Tomb of Relics
03:04 Nerubian Tower
03:56 Halls of the Dead
04:41 Ziggurat
06:30 Black Citadel
07:09 Slaughterhouse
08:34 Ziggurat
11:06 Ziggurat
» items
| Rod of Necromancy | 3 | |
| Potion of Mana | 1 | |
| Orb of Corruption | 1 | |
| Sacrificial Skull | 1 | |
| Scroll of Town Portal | 1 | |
| Potion of Lesser Invulnerability | 1 | |
8 total
observersKatrin-Bischoff,
s3cr3t.ger,
PerryCox,
he)x.tasie.,
OldStars Chat log
(00:00 / 4) EldaR.Creep: GG HF!
(00:04 / All) EldaR.Creep: Clan Hoft RuLeS! =)
(00:23 / Allies) dennisshen1: fiends hunts?
(00:27 / Allies) omgwtfdude: ye
(00:32 / Allies) omgwtfdude: dh
(00:44 / Allies) omgwtfdude: i also tech dryad, not mass
(14:35 / All) EldaR.Creep: s3cr3t.ger has left the game voluntarily.
(14:37 / All) NOOBATNOSKILL: EldaR.Creep has left the game voluntarily.
(14:38 / All) omgwtfdude: NOOBATNOSKILL has left the game voluntarily.